 Dungeon Crawl Stone Soup version 0.29-a0-1027-gcd8c55af63 (webtiles) character file.

Game seed: 17980940489394414680

114 drugrobin the Sneak (level 4, -1/39 HPs)
             Began as a Demigod Delver on Aug 14, 2022.
             Slain by Natasha (4 damage)
             ... on level 2 of the Dungeon.
             The game lasted 00:09:29 (2970 turns).

drugrobin the Sneak (Demigod Delver)                Turns: 2970, Time: 00:09:31

Health: -1/39      AC:  8    Str: 16 (17) XL:     4   Next: 40%
Magic:  6/6        EV: 11    Int: 16 (18) God:
Gold:   238        SH:  5    Dex: 15      Spells: 1/3 levels left

rFire   + . .      SeeInvis .   p - +0 war axe
rCold   . . .      Faith    .   (no shield)
rNeg    . . .      Spirit   .   o - +2 ring mail {rF+}
rPois   .          Reflect  +   v - +0 helmet
rElec   .          Harm     .   (no cloak)
rCorr   .          Rampage  .   (no gloves)
Will    .....                   (no boots)
Stlth   ++........              d - amulet of reflection
HPRegen 0.13/turn               k - +6 ring of intelligence
MPRegen 0.10/turn               (no ring)

@: no status effects
A: high MP 1, forlorn, divine attributes
a: no special abilities


You were on level 2 of the Dungeon.
You visited 1 branch of the dungeon, and saw 7 of its levels.

You collected 238 gold pieces.

Inventory:

Hand Weapons
 a - a +0 hand axe
 n - a +3 dagger
 p - a +0 war axe (weapon)
Missiles
 e - 4 stones (quivered)
Armour
 b - a +0 leather armour
 f - a +0 ring mail
 o - a +2 ring mail of fire resistance (worn)
 v - a +0 helmet (worn)
Jewellery
 d - an amulet of reflection (around neck)
 k - a +6 ring of intelligence (left hand)
Wands
 g - a wand of digging (8)
Scrolls
 c - a scroll of fog
 h - a scroll of blinking
 j - 3 scrolls of teleportation
 l - a scroll of enchant weapon {unknown}
 m - 4 scrolls of identify {unknown}
 q - 2 scrolls of enchant armour {unknown}
 t - a scroll of brand weapon {unknown}
 u - 2 scrolls of poison {unknown}
 x - a scroll of vulnerability {unknown}
Potions
 i - 2 potions of resistance {unknown}
 r - 2 potions of ambrosia {unknown}
 s - a potion of curing {unknown}
 w - a potion of cancellation {unknown}
 z - a potion of brilliance {unknown}


   Skills:
 + Level 3.6 Fighting
 * Level 3.7 Axes
 - Level 1.8 Dodging
 - Level 4.5 Stealth


You had one spell level left.
You knew the following spells:

 Your Spells              Type           Power      Damage    Failure   Level
a - Passwall              Tmut/Erth      0%         N/A       58%         2

Your spell library contained the following spells:

 Spells                   Type           Power      Damage    Failure   Level
 Ensorcelled Hibernation  Hex/Ice        0%         N/A       58%         2
 Frozen Ramparts          Ice            0%         1d1       82%         3
 Swiftness                Air            0%         N/A       82%         3
 Ice Form                 Ice/Tmut       0%         N/A       99%         4
 Summon Ice Beast         Ice/Summ       0%         N/A       99%         4


Dungeon Overview and Level Annotations

Branches:
Dungeon (7/15)
 Temple: D:4-7

Annotations:
D:2 Natasha, Sigmund


Innate Abilities, Weirdness & Mutations

You have an increased reservoir of magic. (+10% MP)
You shall have no god before yourself.
Your divine heritage dramatically boosts your attributes as you level up.


Message History

Unknown command.
Unknown command.
Unknown command.
You barely miss Natasha.
Natasha is severely wounded.
You slash the shadow imp!
You kill the shadow imp!
The shadow imp disappears in a puff of smoke!
You hit the iron imp but do no damage. Natasha barely misses you.
The iron imp barely misses you.
Unknown command.
Unknown command.
Unknown command.
You hit Natasha but do no damage.
Natasha is severely wounded.
You hit the iron imp. Natasha claws you but does no damage.
The iron imp picks up a beetle and eats it.
The iron imp hits you!
* * * LOW HITPOINT WARNING * * *
Unknown command.
Unknown command.
Unknown command.
Unknown command.
Unknown command.
Unknown command.
Unknown command.
Unknown command.
Unknown command.
Unknown command.
Okay, then.
Unknown command.
Unknown command.
You hit Natasha.
Natasha is almost dead.
You barely miss the iron imp.
Natasha stares at you and mumbles some strange words.
The magic dart hits you.
* * * LOW HITPOINT WARNING * * *
You block the iron imp's attack. Natasha claws you.
You die...

....#.......##....#######.....#
..#..#......##....##>.........#
...#.##....##........####.....#
#..................### #.....#
#........#..#..##### #.....#
..<........###.# #######
##..#.<..#...#.#
###..###.).#.#.####
##.##.........@h#
#.##........ยง#5..#
..............##.#
..##..........# #
........#....... .
...#...##.##.. .##.....##.. ...
... ## ...


You could see an iron imp (summoned) and Natasha.

Vanquished Creatures
  A hound (D:4)
  A gnoll (D:1)
  An adder (D:4)
  2 worms
  3 dart slugs
  8 orcs (D:4)
  4 ball pythons
  3 bats
  3 giant cockroaches (D:1)
  3 goblins
  6 hobgoblins
  2 quokkas
  A frilled lizard (D:1)
  4 kobolds
  4 rats
46 creatures vanquished.

Notes
Turn   | Place    | Note
-------+----------+-------------------------------------------
     0 | D:5      | drugrobin the Demigod Delver began the quest for the Orb.
     0 | D:5      | Reached XP level 1. HP: 18/18 MP: 3/3
   139 | D:4      | Noticed an orc wizard
   439 | D:4      | Noticed a hound
   468 | D:4      | Noticed a quasit
   468 | D:4      | Noticed a quasit
   468 | D:4      | Noticed a quasit
   468 | D:4      | Noticed a quasit
   479 | D:4      | Reached XP level 2. HP: 21/25 MP: 4/4
   499 | D:4      | Noticed a scorpion
   501 | D:4      | You fall into a shaft and drop 3 floors!
   696 | D:4      | Reached XP level 3. HP: 31/31 MP: 5/5
   890 | D:4      | Learned a level 2 spell: Passwall
  2208 | D:1      | Reached XP level 4. HP: 32/38 MP: 6/6
  2655 | D:2      | Noticed Sigmund
  2959 | D:2      | Noticed Natasha
  2970 | D:2      | Slain by Natasha

Illustrated notes

Levels and vault maps discovered:
D:1:      dpeg_arrival_oval, layout_rooms, ebering_ecumenical_altar_hall,
          minmay_split_cup_large
D:2:      layout_rooms, uniq_sigmund, uniq_natasha
D:3:      layout_basic, mainiacjoe_overflow_swirl, serial_forest,
          infiniplex_forest_straight_1, infiniplex_forest_straight_2,
          infiniplex_forest_zigzag_1, infiniplex_forest_3_way, uniq_robin,
          uniq_crazy_yiuf_cottage
D:4:      cheibrodos_quashed, layout_loops_ring
D:5:      layout_loops_ring, chequers_serial_rivers_small_3
D:6:      layout_cave_pools, mainiacjoe_overflow_catwalk_spiral,
          nicolae_overflow_hidden_temple, temple_statues, uniq_pikel
D:7:      layout_basic, enter_bailey_2, serial_shops, shop, uniq_joseph

Skill      XL: |  1  2  3 |
---------------+----------+-----
Axes           | 2 3 |  3.7
Fighting       | 3 |  3.6
Dodging        | |  1.8
Stealth        | |  4.5

Action                   |  1- 3 |  4- 6 || total
-------------------------+-------+-------++-------
Melee: Hand axe          |    85 |    21 ||   106
       Dagger            |    31 |     4 ||    35
       War axe           |     3 |    34 ||    37
Throw: Stone             |     2 |       ||     2
Evoke: Wand              |     4 |       ||     4
  Use: Potion            |     2 |       ||     2
       Scroll            |     4 |       ||     4
 Stab: Paralysed         |     8 |       ||     8
       Sleeping          |     5 |     3 ||     8
       Distracted        |     1 |       ||     1
Armor: Leather armour    |    11 |     2 ||    13
       Ring mail         |    13 |    19 ||    32
Dodge: Dodged            |    46 |    27 ||    73
Block: Other             |    12 |     7 ||    19
       Reflection        |     1 |       ||     1

Table legend: (Time is in decaauts)
 A = Elapsed time spent in this place.
 B = Non-inter-level travel time spent in this place.
 C = Inter-level travel time spent in this place.
 D = Time resting spent in this place.
 E = Time spent auto-exploring this place.
 F = Levels seen in this place.
 G = Mean time per level.
                   A        B        C        D        E       F      G
               +--------+--------+--------+--------+--------+-----+--------+
         Total |   2983 |   2883 |    100 |    770 |    946 |   7 |  426.1 |
       Dungeon |   2983 |   2883 |    100 |    770 |    946 |   7 |  426.1 |
               +--------+--------+--------+--------+--------+-----+--------+

Top non-repeatable levels by time:
     D:4: 931 daAuts
     D:1: 670 daAuts
     D:5: 533 daAuts
     D:3: 365 daAuts
     D:2: 311 daAuts
     D:7: 161 daAuts
     D:6: 8 daAuts
